woodfighter, chaotic female orcish Cavewoman - - .--- . - --..| ---^- |...GGG| |... --- --@| |<- |.| |.| |%| |.| |.| |.| |%---.| |.....| |.....--- -- - ---..........| |...--- ---- ---.. |..| --.. --- woodfighter the Cave Teen Experience level: 5 Strength: 18/02 Dexterity: 12 Constitution: 18 Intelligence: 8 Wisdom: 10 Charisma: 7 Health: 0(41) Energy: 21(21) Def: 2 Gold: 188 Moves: 1740 Dungeon seed: i2jpFxAK91yQZO1y Game ID: woodfighter_1477237817 Your Inventory: Coins $ - 188 gold pieces Amulets s - an uncursed amulet of reflection Weapons a - a +1 club (weapon in hand) b - a blessed +2 sling (alternate weapon; not wielded) u - a blessed +1 dwarvish spear Armor q - an uncursed +0 leather armor (being worn) r - a cursed +0 dwarvish cloak v - an uncursed +0 dwarvish iron helm w - an uncursed +0 pair of iron shoes x - an uncursed +0 dwarvish cloak y - a blessed +3 dwarvish cloak z - an uncursed +0 pair of iron shoes A - an uncursed +0 dwarvish iron helm B - an uncursed +0 pair of iron shoes C - an uncursed +0 dwarvish cloak E - an uncursed +0 dwarvish cloak N - an uncursed +0 dwarvish cloak Y - an uncursed +0 dwarvish cloak Comestibles c - 2 uncursed food rations d - an uncursed egg h - an uncursed tin of newt meat m - 2 uncursed lichen corpses Scrolls i - an uncursed scroll of destroy armor k - an uncursed scroll of light n - 2 uncursed scrolls of confuse monster p - an uncursed scroll of teleportation t - 4 uncursed scrolls of blank paper Spellbooks j - an uncursed spellbook of cancellation l - an uncursed spellbook of protection Potions f - an uncursed potion of speed Wands g - a wand of sleep (0:7) F - a wand of magic missile (0:2) Tools o - 2 uncursed wax candles (0:400) D - an uncursed tallow candle (0:200) Gems e - 14 uncursed flints (in quiver) Spells and supernatural/magical abilities: Name Level Category Fail Memory W - pray for help -- divine ? -- Your skills at the end: Miscellaneous Skills bare handed combat [Basic] Weapon Skills scimitar [Basic] club [Basic] sling [Basic] Spellcasting Skills Final Attributes: You were piously aligned. You were poison resistant. You saw invisible. You had infravision. You were somewhat stealthy. You are dead. Vanquished creatures: a gnome king 2 gnome lords a gnomish wizard a paper golem a floating eye 7 dwarves a hill orc a large kobold 2 geckos 2 giant rats a yellow mold 10 gnomes 9 jackals a kobold 5 newts a goblin 4 grid bugs 3 lichens 2 kobold zombies 55 creatures vanquished. Voluntary challenges: You did not adorn yourself with jewelry or accessories. You did not cause conflict. You were not invisible. You did not have reflection. You were not displaced. You were an atheist. You used a wielded weapon 68 times, starting on turn 28. You did not use tools. You did not use sinks. You were illiterate. You never genocided any monsters. You never polymorphed an object. You never changed form. You used no wishes. You never split a pudding. You never wrote Elbereth's name. You never violated your personal moral code. Dungeon overview: The Dungeons of Doom: levels 1 to 3 Level 1 a long staircase Level 2 (w) a sink stairs to The Gnomish Mines Level 3 The Gnomish Mines: levels 3 to 4 Level 3 (l) stairs to The Dungeons of Doom Level 4 <- You were here History has recorded: On T:1 you entered the Dungeons of Doom to retrieve the Amulet of Yendor! On T:34 you reached level 2 of The Dungeons of Doom. On T:416 you reached level 1 of The Gnomish Mines. On T:439 you reached level 3 of The Dungeons of Doom. On T:810 you advanced to experience level 2. On T:894 you advanced to experience level 3. On T:908 you advanced to experience level 4. On T:938 you reached level 2 of The Gnomish Mines. On T:1071 you advanced to experience level 5. Score breakdown: Gold: 188 ( 18 points) Experience: 5 levels ( 400 points) Exploration: 4 levels ( 90 points) Discoveries: 17 items ( 850 points) Variety of kills: 19 monsters ( 950 points) Major goal: (nothing yet) ( 0 points) Survival: died (score multiplied by 3) Total score: 6924 Latest messages: Blecch! Rotten food! You feel rather light headed. The dwarf zaps a spiked wand! You stop eating. The magic missile hits you! The gnome picks up 5 daggers. There are several objects here. The dwarf zaps a wand of magic missile! The magic missile hits you! You feel less confused now. You hit the dwarf! The dwarf zaps a wand of magic missile! The magic missile hits you! You kill the dwarf! The gnome king picks up a hooded cloak. The gnome king puts on a hooded cloak. The gnome wields a dagger! You hit the gnome king! The gnome king wields a thonged club! You hit the gnome king! You kill the gnome king! E - a hooded cloak. F - a wand of magic missile. There are a few more objects here. The gnome thrusts one of his daggers at the cavewoman. The gnome stabs you! You die... Final status: Goodbye woodfighter the Cavewoman, killed by a gnome... You died in The Gnomish Mines on dungeon level 4 with 6924 points, and 188 pieces of gold, after 1740 moves. You were level 5 with a maximum of 41 hit points when you died.